 Dungeon Crawl Stone Soup version 0.30-a0-728-gc68057be0a (webtiles) character file.

Game seed: 9744975324829488220

3021 ASSMAN the Fighter (level 9, -1/93 (109) HPs)
             Began as an Ogre Cinder Acolyte on Jan 31, 2023.
             Was a Believer of Ignis.
             Slain by a wight
             ... wielding a +5 long sword of freezing
              (3 damage)
             ... on level 7 of the Dungeon.
             The game lasted 00:07:12 (6998 turns).

ASSMAN the Fighter (Ogre Cinder Acolyte)            Turns: 6998, Time: 00:07:13

HP:   -1/93 (109)   AC:  7    Str: 24    XL:     9   Next: 85%
MP:   10/10         EV:  9    Int: 15    God:    Ignis [**....]
Gold: 357           SH:  0    Dex:  4    Spells: 10/10 levels left

rFire   + . .      SeeInvis .    F - +5 battleaxe
rCold   . . .      Faith    .    (shield currently unavailable)
rNeg    . . .      Spirit   .    b - +0 robe
rPois   +          Reflect  .    (helmet restricted)
rElec   .          Harm     .    (no cloak)
rCorr   .          Rampage  .    (gloves unavailable)
Will    .....                    (boots unavailable)
Stlth   +                        (no amulet)
HPRegen 0.35/turn                g - +4 ring of protection
MPRegen 0.12/turn                a - ring of poison resistance

@: heavily drained
A: large, unfitting armour, tough skin 1
a: Renounce Religion, Fiery Armour, Foxfire Swarm, Rising Flame


You were on level 7 of the Dungeon.
You worshipped Ignis.
Ignis was pleased with you.
You visited 1 branch of the dungeon, and saw 8 of its levels.

You collected 357 gold pieces.

Inventory:

Hand Weapons
 F - a +5 battleaxe (weapon)
Armour
 b - a +0 robe (worn)
Magical Staves
 v - a staff of death
Jewellery
 a - a ring of poison resistance (right hand)
 g - a +4 ring of protection (left hand)
 k - a ring of protection from cold
 l - an amulet of magic regeneration
 q - an amulet of reflection
Wands
 u - a wand of flame (48)
 w - a wand of paralysis (18)
Scrolls
 c - 4 scrolls of teleportation {unknown}
 e - 9 scrolls of identify {unknown}
 h - a scroll of immolation {unknown}
 n - a scroll of vulnerability {unknown}
 r - 3 scrolls of fear {unknown}
 t - a scroll of torment {unknown}
 y - a scroll of noise {unknown}
 A - 2 scrolls of enchant weapon {unknown}
 B - a scroll of summoning {unknown}
 C - a scroll of poison {unknown}
 D - a scroll of magic mapping {unknown}
Potions
 d - a potion of mutation {unknown}
 f - 2 potions of degeneration {unknown}
 j - 2 potions of heal wounds {unknown}
 m - 2 potions of ambrosia {unknown}
 o - a potion of brilliance {unknown}
 p - a potion of magic {unknown}
 s - a potion of haste
 x - a potion of lignification {unknown}
 z - 2 potions of flight {unknown}
 E - a potion of resistance {unknown}


   Skills:
 + Level 12.8 Fighting
 + Level 10.0 Axes
 - Level 1.2 Spellcasting
 - Level 2.6 Fire Magic


You had 10 spell levels left.
You didn't know any spells.
Your spell library contained the following spells:

 Spells                   Type           Power      Damage    Failure   Level
 Scorch                   Fire           16%        2d5       12%         2
 Sting                    Tmut/Pois      0%         1d3       24%         1
 Summon Small Mammal      Summ           0%         N/A       24%         1
 Poisonous Vapours        Pois/Air       0%         N/A       36%         2
 Ignite Poison            Fire/Tmut/Pois 3%         N/A       45%         3
 Call Canine Familiar     Summ           0%         N/A       58%         3
 Summon Guardian Golem    Hex/Summ       0%         N/A       58%         3
 Sticky Flame             Conj/Fire      4%         2d3       80%         4
 Olgreb's Toxic Radiance  Pois           0%         N/A       94%         4
 Ignition                 Fire           4%         3d4       100%        8


Dungeon Overview and Level Annotations

Branches:
Dungeon (8/15)             Temple (0/1) D:4
   Lair: D:8-11

Altars:
Dithmenos
Kikubaaqudgha
Makhleb
Qazlal
Vehumet
Wu Jian
Xom
Zin

Shops:
D:3 *


Innate Abilities, Weirdness & Mutations

You are too large for most types of armour.
You have tough skin. (AC +1)


Message History

The wight hits you with a +4 morningstar of freezing!
The wight freezes you.
The wight hits you with a +5 long sword of freezing.
You feel drained. The wight freezes you.
You are too injured to fight recklessly!
You barely miss the wight.
The wight is severely damaged.
You hit the wight. You closely miss the wight.
The wight hits you with a +0 falchion.
You feel drained. The wight misses you.
The wight hits you with a +5 long sword of freezing.
The wight freezes you.
You slash the wight!
You destroy the wight!
You barely miss the wight. You closely miss the wight.
The wight hits you with a +0 falchion.
You feel drained.
The wight hits you with a +5 long sword of freezing!
* * * LOW HITPOINT WARNING * * *
You feel drained.
* * * LOW HITPOINT WARNING * * *
The wight freezes you.
* * * LOW HITPOINT WARNING * * *
The wight hits you with a +0 falchion.
* * * LOW HITPOINT WARNING * * *
You feel drained.
* * * LOW HITPOINT WARNING * * *
The wight closely misses you.
Your Axes skill increases to level 10!
You closely miss the wight.
The wight is severely damaged.
You barely miss the wight. The wight hits you with a +0 falchion.
* * * LOW HITPOINT WARNING * * *
The wight barely misses you.
You barely miss the wight.
The wight is severely damaged.
You slice the wight!!
You destroy the wight!
The wight hits you with a +5 long sword of freezing!
* * * LOW HITPOINT WARNING * * *
The wight freezes you.
You die...

#.# #.#.###.###..###.# #.#
#.#.# #..#.......# #.#
#.#.# ##.#...#####
#.####.#.# #.#...#
#.##.#.#.## #.#...#
#...#.....# #.#...#
####.#....###.#...#
#.#......)z)...#
#.##...###@#.#.# #.###.##
#.#.#.# #.# #.# #.#.#)##
#.# #.# #......## #.# #.#
###.....########## #.# #.#
#............... #.#
#.######.[...#########.
#.###.....)................
#....[.......#.###########<


You could see a wight.

Vanquished Creatures
  Joseph (D:7)
  Grinder (D:5)
  Sigmund (D:5)
  A steam dragon (D:5)
  A sky beast (D:7)
  An orc warrior (D:7)
  2 ice beasts (D:7)
  2 ogres
  3 bullfrogs
  A necrophage (D:4)
  2 scorpions
  8 wights (D:7)
  A vampire bat (D:3)
  A gnoll bouda (D:4)
  5 hounds
  2 jellies
  4 orc priests
  4 orc wizards
  5 iguanas
  Natasha (twice) (D:4)
  11 gnolls
  10 adders
  A shadow imp (D:7)
  A white imp (D:7)
  2 ufetubi
  2 dart slugs
  2 worms
  11 orcs
  5 ball pythons
  4 bats
  3 bat skeletons (D:3)
  2 bat zombies (D:3)
  4 endoplasms
  A giant cockroach (D:4)
  6 goblins
  5 hobgoblins
  3 jackals (D:5)
  7 kobolds
  3 quokkas
  A frilled lizard (D:3)
  9 rats
141 creatures vanquished.

Vanquished Creatures (others)
  54 foxfires
  3 fungi (D:3)
  9 plants (D:3)
66 creatures vanquished.

Grand Total: 207 creatures vanquished

Notes
Turn   | Place    | Note
-------+----------+-------------------------------------------
     0 | D:1      | ASSMAN the Ogre Cinder Acolyte began the quest for the Orb.
     0 | D:1      | Reached XP level 1. HP: 24/24 MP: 2/2
   643 | D:1      | Reached XP level 2. HP: 28/33 MP: 3/3
  1110 | D:2      | Reached XP level 3. HP: 23/41 MP: 4/4
  1234 | D:2      | Reached skill level 5 in Fighting
  1527 | D:2      | Reached XP level 4. HP: 29/50 MP: 5/5
  1724 | D:2      | Reached XP level 5. HP: 59/59 MP: 6/6
  1792 | D:3      | Found a faded altar of an unknown god.
  1825 | D:3      | Reached skill level 6 in Fighting
  1960 | D:3      | Found Zin's Purification Station.
  1999 | D:3      | Found a glowing silver altar of Zin.
  2087 | D:3      | Found an ancient bone altar of Kikubaaqudgha.
  2447 | D:3      | Found a shimmering altar of Xom.
  2581 | D:4      | Reached skill level 5 in Axes
  2581 | D:4      | Reached XP level 6. HP: 47/68 MP: 7/7
  2708 | D:4      | Found a staircase to the Ecumenical Temple.
  2712 | D:4      | Noticed Natasha
  2721 | D:4      | Killed Natasha
  2722 | D:4      | Reached skill level 7 in Fighting
  3255 | D:4      | Reached XP level 7. HP: 48/79 MP: 8/8
  3370 | D:4      | Noticed Natasha
  3379 | D:4      | Killed Natasha
  3425 | D:4      | Found a radiant altar of Vehumet.
  3472 | D:4      | Reached skill level 8 in Fighting
  3725 | D:5      | Entered Level 5 of the Dungeon
  3802 | D:5      | Found a shadowy altar of Dithmenos.
  3896 | D:5      | Noticed Grinder
  3899 | D:5      | Paralysed by Grinder for 2 turns
  3900 | D:5      | Noticed a steam dragon
  3903 | D:5      | Killed Grinder
  3904 | D:5      | Reached skill level 9 in Fighting
  3904 | D:5      | Reached XP level 8. HP: 72/92 MP: 9/9
  3968 | D:5      | Identified the -1 pair of gloves "Hud Vane" {-Tele Rampage
                  | rElec rF+}
  3977 | D:5      | Noticed Sigmund
  3986 | D:5      | Killed Sigmund
  4229 | D:5      | Found a stormy altar of Qazlal.
  4314 | D:5      | Found an ornate altar of the Wu Jian Council.
  4369 | D:5      | Found a burning altar of Makhleb.
  4374 | D:5      | Reached skill level 10 in Fighting
  5409 | D:7      | Reached skill level 11 in Fighting
  5409 | D:7      | Reached XP level 9. HP: 105/105 MP: 10/10
  5464 | D:7      | Noticed Joseph
  5486 | D:7      | HP: 2/103 [Joseph/+0 quarterstaff (7)]
  5486 | D:7      | Killed Joseph
  6151 | D:7      | Reached skill level 12 in Fighting
  6997 | D:7      | Reached skill level 10 in Axes
  6998 | D:7      | HP: 2/93 [wight/+5 long sword of freezing (9)]
  6998 | D:7      | Slain by a wight

Illustrated notes

Levels and vault maps discovered:
D:1:      minmay_arrival_up_and_down, layout_loops_corners
D:2:      layout_basic, mrwooster_statue_mirror
D:3:      layout_loops_ring, mainiacjoe_overflow_alcove_2, zin_purify,
          kennysheep_vampire_church, dreamdust_ecumenical_altar_grove
D:4:      layout_loops_cross, vehumet_altar_wand_db,
          minmay_temple_entry_slanted, uniq_natasha
D:5:      layout_rooms, nicolae_dithmenos_the_darkroom,
          nicolae_overflow_crystal_walls, mainiacjoe_overflow_alcove_4,
          grunt_qazlal_clouds, uniq_sigmund, uniq_grinder
D:6:      layout_cave_pools, minmay_holes
D:7:      layout_loops_ring, uniq_joseph
D:8:      layout_basic, lemuel_doored_altar, uniq_prince_ribbit1, uniq_maurice,
          uniq_erica

Skill      XL: |  1  2  3  4  5  6  7  8  9 |
---------------+----------------------------+-----
Fighting       | 5 6 7 9 11 12 | 12.8
Axes           | 4 5 6 8 10 | 10.0
Spellcasting   | |  1.2
Fire Magic     | |  2.6

Action                     |  1- 3 |  4- 6 |  7- 9 || total
---------------------------+-------+-------+-------++-------
  Melee: Hand axe          |    95 |    15 |       ||   110
         War axe           |       |   156 |   284 ||   440
         Punch             |       |     1 |     3 ||     4
         Battleaxe         |       |       |     5 ||     5
 Invoke: Fiery Armour      |       |     2 |     4 ||     6
         Foxfire Swarm     |       |       |     3 ||     3
 Armour: Robe              |    51 |   128 |   135 ||   314
  Dodge: Dodged            |    54 |   108 |   143 ||   305

Table legend: (Time is in decaauts)
 A = Elapsed time spent in this place.
 B = Non-inter-level travel time spent in this place.
 C = Inter-level travel time spent in this place.
 D = Time resting spent in this place.
 E = Time spent auto-exploring this place.
 F = Levels seen in this place.
 G = Mean time per level.
                   A        B        C        D        E       F      G
               +--------+--------+--------+--------+--------+-----+--------+
         Total |   7084 |   6846 |    238 |   1111 |   4669 |   8 |  885.5 |
       Dungeon |   7084 |   6846 |    238 |   1111 |   4669 |   8 |  885.5 |
               +--------+--------+--------+--------+--------+-----+--------+

Top non-repeatable levels by time:
     D:7: 1612 daAuts
     D:4: 1271 daAuts
     D:1: 1013 daAuts
     D:6: 895 daAuts
     D:2: 787 daAuts
     D:3: 771 daAuts
     D:5: 728 daAuts
     D:8: 4 daAuts
